 Dungeon Crawl Stone Soup version 0.20.0-10-g0535bb4 (console) character file.

3950 jeanjacques the Frost Mage (level 10, -8/67 HPs)
             Began as an Octopode Ice Elementalist on June 5, 2017.
             Was an Initiate of Kikubaaqudgha.
             Mangled by a polar bear (26 damage)
             ... on level 8 of the Dungeon.
             The game lasted 00:30:52 (6395 turns).

jeanjacques the Frost Mage (OpIE)                   Turns: 6395, Time: 00:30:53

Health: -8/67      AC:  8    Str:  8    XL:     10   Next: 21%
Magic:  17/17      EV: 12    Int: 20    God:    Kikubaaqudgha [......]
Gold:   388        SH:  8    Dex: 13    Spells: 15/19 levels left

rFire    . . .     SeeInvis .   a - +1 dagger (venom)
rCold    + + .     Gourm    .   r - +0 shield
rNeg     . . .     Faith    .   (helmet restricted)
rPois    .         Spirit   .   h - amulet of rage
rElec    .         Reflect  .   B - ring of protection from cold
rCorr    .         Harm     .   I - ring of protection from cold
MR       .....                  (no ring)
Stlth    +++.......             (no ring)
Regen    0.3/turn               (no ring)
MPRegen  0.2/turn               (no ring)
                                (no ring)
                                (no ring)

@: icy armour, slow
A: almost no armour, stealthy swim, amphibious, 8 rings, constrict 8, camouflage
1, gelatinous body 1
a: Renounce Religion, Evoke Berserk Rage


You were on level 8 of the Dungeon.
You worshipped Kikubaaqudgha.
Kikubaaqudgha was noncommittal.
You were not hungry.

You visited 2 branches of the dungeon, and saw 9 of its levels.

You collected 498 gold pieces.
You spent 110 gold pieces at shops.

Inventory:

Hand Weapons
 a - a +1 dagger of venom (weapon)
 b - a +0 blowgun
 e - a +0 flail of distortion {!w}
 s - a +2 falchion of slicing
 y - a +0 rapier of venom
Missiles
 u - 10 poisoned needles
 F - 2 throwing nets (quivered)
Armour
 r - a +0 shield (worn)
 z - a +0 large shield
Jewellery
 h - an amulet of rage (around mantle)
 B - a ring of protection from cold (left tentacle)
 I - a ring of protection from cold (right tentacle)
Wands
 H - a wand of enslavement (9/24)
Scrolls
 c - a scroll of recharging
 f - a scroll of magic mapping {unknown}
 g - 2 scrolls of blinking
 k - 2 scrolls of remove curse
 l - 2 scrolls of fear
 m - 2 scrolls of fog
 n - a scroll of immolation {unknown}
 q - 3 scrolls of teleportation
 w - 2 scrolls of enchant armour
 G - a scroll of enchant weapon {unknown}
Potions
 d - 2 potions of lignification {!q}
 i - a potion of curing
 j - 2 potions of berserk rage
 o - a potion of brilliance {unknown}
 x - a potion of agility
 A - a potion of degeneration {unknown}
 E - 4 potions of heal wounds
 J - a potion of invisibility {unknown}
Books
 v - a book of Frost

   Spells                             Type                      Level
   a - Freeze                         Ice                          1
   b - Throw Frost                    Conjuration/Ice              2
   c - Ozocubu's Armour               Charms/Ice                   3
   d - Throw Icicle                   Conjuration/Ice              4
   e - Summon Ice Beast               Ice/Summoning                4
Comestibles
 p - 3 meat rations
 t - 2 bread rations
 C - 4 chunks of flesh {@w1}
 D - 2 royal jellies


   Skills:
 - Level 5.6 Fighting
 - Level 3.0 Dodging
 - Level 2.6 Stealth
 * Level 3.8 Shields
 + Level 5.2 Spellcasting
   Level 1.0 Conjurations
 + Level 1.7 Charms
 - Level 9.5 Ice Magic
 - Level 6.7 Evocations


You had 15 spell levels left.
You knew the following spells:

 Your Spells              Type           Power        Failure   Level  Hunger
a - Freeze                Ice            ####         1%          1    None
b - Ozocubu's Armour      Chrm/Ice       ####....     14%         3    ##.....


Dungeon Overview and Level Annotations

Branches:
Dungeon (8/15)             Temple (1/1) D:5
   Lair: D:8-11

Altars:
Ashenzari
Cheibriados
Dithmenos
Elyvilon
Fedhas
Gozag
Hepliaklqana
Kikubaaqudgha
Makhleb
Nemelex Xobeh
Okawaru
Qazlal
Ru
Sif Muna
Trog
Uskayaw
Vehumet
Xom
Zin
The Shining One

Shops:
D:5 ?

Annotations:
D:7 tof's ghost, novice MiBe
D:8 Joseph


Innate Abilities, Weirdness & Mutations

You cannot wear most types of armour.
You are very stealthy in the water. (Stealth+)
You are amphibious.
You can wear up to eight rings at the same time.
You can use your tentacles to constrict eight enemies at once.
Your skin changes colour to match your surroundings (Stealth+).
Your rubbery body absorbs attacks. (AC +1, EV +1)


Message History

* * * LOW HITPOINT WARNING * * *
The polar bear closely misses you.
The polar bear claws you but does no damage.
You completely miss the polar bear.
The polar bear is heavily wounded.
You block the polar bear's attack. The polar bear misses you.
The polar bear claws you but does no damage.
You hit the polar bear but do no damage.
The polar bear is heavily wounded.
The polar bear misses you. The polar bear barely misses you.
The polar bear claws you.
* * * LOW HITPOINT WARNING * * *
Here: a polar bear (severely wounded, poisoned)
The floor, spattered with blood.
Unknown command.
You hit the polar bear.
The polar bear looks as sick as possible!
The polar bear is almost dead.
The polar bear goes berserk!
You closely miss the polar bear.
The polar bear is almost dead.
The polar bear barely misses you. You block the polar bear's attack. x2
The polar bear bites you!
* * * LOW HITPOINT WARNING * * *
You block the polar bear's attack. The polar bear claws you.
* * * LOW HITPOINT WARNING * * *
You hit the polar bear but do no damage.
The polar bear looks as sick as possible!
The polar bear is almost dead.
The polar bear barely misses you.
The polar bear claws you but does no damage.
You block the polar bear's attack.
You hit the polar bear.
The polar bear looks as sick as possible!
The polar bear is almost dead.
You block the polar bear's attack. x2
The polar bear claws you but does no damage.
The polar bear bites you!!
You die...
Kikubaaqudgha rasps: "You have failed me!
Welcome... death!"

#########
#.......#######
#..###........#
# ###...##.#.#
#.)...##.#
#<#..###x#
#.#..# #h#
.......>5#
....####...
.....# #...
#.....# #....
#.....# #....
###.### #.....


You could see a polar bear (berserk) and an ufetubus.

Vanquished Creatures
  Maurice (D:8)
  Sigmund (D:5)
  Eustachio (D:4)
  A yak (D:8)
  5 ice beasts
  3 orc warriors
  2 sky beasts
  A black bear (D:6)
  A phantom (D:5)
  3 ogres
  A centaur (D:7)
  2 bullfrogs
  A scorpion (D:7)
  3 killer bees (D:8)
  3 howler monkeys
  A bullfrog zombie (D:7)
  2 crimson imps
  7 hounds
  4 orc wizards
  3 orc priests
  4 centaur skeletons
  A jelly (D:6)
  2 bullfrog skeletons
  3 iguanas
  Natasha (thrice) (D:3 D:2)
  6 worker ants
  A hound skeleton (D:4)
  A worker ant zombie (D:7)
  4 gnolls (D:4)
  14 adders
  A white imp (D:8)
  2 worker ant simulacra (D:8)
  An ufetubus (D:8)
  2 adder zombies (D:5)
  An adder skeleton (D:4)
  2 worms (D:2)
  A dart slug (D:1)
  6 leopard geckos
  15 orcs
  6 bats
  6 giant cockroaches
  8 goblins
  9 hobgoblins
  10 jackals
  3 quokkas
  A ball python (D:1)
  9 frilled lizards
  A jackal skeleton (D:8)
  6 kobolds
  A leopard gecko skeleton (D:4)
  2 quokka skeletons
  7 rats
185 creatures vanquished.

Notes
Turn   | Place    | Note
-------+----------+-------------------------------------------
     0 | D:1      | jeanjacques the Octopode Ice Elementalist began the quest for the Orb.
     0 | D:1      | Reached XP level 1. HP: 11/11 MP: 3/3
   143 | D:2      | Reached XP level 2. HP: 8/17 MP: 3/5
   153 | D:2      | Found a shattered altar of Ashenzari.
   196 | D:2      | Reached skill level 4 in Ice Magic
   196 | D:2      | Reached XP level 3. HP: 12/21 MP: 0/6
   361 | D:1      | Learned a level 3 spell: Ozocubu's Armour
   817 | D:3      | Noticed Natasha
   827 | D:3      | Killed Natasha
   827 | D:3      | Reached XP level 4. HP: 18/27 MP: 0/7
   938 | D:2      | Reached skill level 1 in Charms
  1011 | D:3      | Noticed Natasha
  1011 | D:3      | Noticed an ice beast
  1018 | D:2      | Killed Natasha
  1018 | D:2      | Reached XP level 5. HP: 4/31 MP: 1/9
  1085 | D:2      | Noticed Natasha
  1109 | D:2      | HP: 2/31 [Natasha (5)]
  1112 | D:2      | Killed Natasha
  1112 | D:2      | Reached skill level 3 in Spellcasting
  1112 | D:2      | Reached skill level 5 in Ice Magic
  1987 | D:4      | Noticed Eustachio
  2135 | D:3      | Reached XP level 6. HP: 12/36 MP: 2/11
  2192 | D:4      | Reached skill level 4 in Spellcasting
  2235 | D:4      | Killed Eustachio
  2235 | D:4      | Reached skill level 2 in Evocations
  2235 | D:4      | Reached XP level 7. HP: 39/41 MP: 0/13
  2549 | D:4      | Reached skill level 1 in Fighting
  2549 | D:4      | Reached skill level 6 in Ice Magic
  2784 | D:5      | Entered Level 5 of the Dungeon
  2802 | D:5      | Reached skill level 2 in Fighting
  3043 | D:6      | Reached skill level 3 in Evocations
  3162 | D:7      | Reached skill level 3 in Dodging
  3178 | D:6      | Reached XP level 8. HP: 48/51 MP: 10/14
  3213 | D:6      | Reached skill level 3 in Fighting
  3409 | D:6      | Reached skill level 4 in Evocations
  3411 | D:6      | Reached skill level 7 in Ice Magic
  3503 | D:7      | Reached skill level 4 in Fighting
  3653 | D:7      | Reached skill level 5 in Evocations
  3687 | D:7      | Noticed tof's ghost (novice MiBe)
  3818 | D:8      | Reached XP level 9. HP: 60/60 MP: 13/15
  3819 | D:8      | Noticed Maurice
  3962 | D:8      | Reached skill level 5 in Fighting
  4002 | D:8      | Killed Maurice
  4002 | D:8      | Reached skill level 8 in Ice Magic
  4002 | D:8      | Reached skill level 6 in Evocations
  4123 | D:8      | HP: 5/61 [ufetubus (3)]
  4288 | D:8      | Noticed Joseph
  4429 | D:7      | Reached skill level 1 in Shields
  4621 | D:7      | Reached skill level 9 in Ice Magic
  5101 | D:6      | Reached skill level 2 in Shields
  5475 | D:4      | Reached XP level 10. HP: 63/67 MP: 17/17
  5653 | D:5      | Found Wofra's Magic Scroll Boutique.
  5658 | D:5      | Bought a scroll of fear for 35 gold pieces
  5658 | D:5      | Bought a scroll of enchant armour for 75 gold pieces
  5721 | D:5      | Found a staircase to the Ecumenical Temple.
  5804 | Temple   | Entered the Ecumenical Temple
  5958 | Temple   | Became a worshipper of Kikubaaqudgha
  5996 | D:5      | Noticed Sigmund
  6006 | D:5      | Killed Sigmund
  6006 | D:5      | Reached skill level 3 in Shields
  6006 | D:5      | Reached skill level 5 in Spellcasting
  6395 | D:8      | Mangled by a polar bear

Skill      XL: |  1  2  3  4  5  6  7  8  9 10 |
---------------+-------------------------------+-----
Ice Magic      | 4 5 6 7 9 |  9.5
Charms         | 1 |  1.7
Spellcasting   | 3 4 5 |  5.2
Evocations     | 2 3 5 6 |  6.7
Fighting       | 2 4 5 |  5.6
Dodging        | 3 |  3.0
Shields        | 2 3 |  3.8
Stealth        | |  2.6
Conjurations   | |  1.0

Action                   |  1- 3 |  4- 6 |  7- 9 | 10-12 || total
-------------------------+-------+-------+-------+-------++-------
Melee: Unarmed           |    13 |       |       |       ||    13
       Constrict         |    15 |    17 |    55 |    12 ||    99
       Tentacles         |    10 |     9 |    53 |    22 ||    94
       Spear             |    52 |    91 |       |       ||   143
       Rapier            |       |       |    67 |       ||    67
       Dagger            |       |       |   176 |   104 ||   280
       Falchion          |       |       |       |    26 ||    26
 Fire: Blowgun           |       |       |    24 |       ||    24
 Cast: Freeze            |    15 |    44 |    58 |     7 ||   124
       Ozocubu's Armour  |     1 |     7 |    31 |     6 ||    45
 Abil: Evoke Berserk Rag |       |       |     8 |       ||     8
  Use: Scroll            |       |     2 |     7 |     1 ||    10
       Potion            |       |     1 |     3 |       ||     4
 Stab: Sleeping          |     9 |     5 |     9 |     2 ||    25
       Distracted        |       |     2 |     1 |       ||     3
  Eat: Chunk             |       |     5 |    20 |     4 ||    29
       Fruit             |       |       |     1 |       ||     1
Armor: Skin              |     3 |    19 |    46 |    33 ||   101
Dodge: Dodged            |    36 |    51 |   190 |    70 ||   347
Block: Shield            |       |       |    10 |    46 ||    56
       Rpst.: Falchion   |       |       |       |     5 ||     5

Table legend:
 A = Turns spent in this place as a percentage of turns spent in the entire game.
 B = Non-inter-level travel turns spent in this place as a percentage of non-inter-level travel turns spent in the entire game.
 C = Inter-level travel turns spent in this place as a percentage of turns spent in this place.
 D = Turns resting spent in this place as a percentage of non-inter-level travel turns spent in this place.
 E = Turns spent auto-exploring this place as a percentage of non-inter-level travel turns spent in this place.
 F = Non-inter-level travel turns spent in this place divided by the number of levels of this place that you've seen.
                   A       B       C       D       E      F
               +-------+-------+-------+-------+-------+----------------------
         Total | 100.0 | 100.0 |   0.7 |   0.8 |   6.2 | 338.3
       Dungeon |  93.8 |  93.8 |   0.6 |   0.9 |   6.6 | 357.0
        Temple |   6.2 |   6.2 |   1.0 |   0.0 |   0.0 | 189.0
               +-------+-------+-------+-------+-------+----------------------

Table legend:
 A = Kills in this place as a percentage of kills in entire the game.
 B = Kills by you in this place as a percentage of kills by you in the entire game.
 C = Kills by friends in this place as a percentage of kills by friends in the entire game.
 D = Other kills in this place as a percentage of other kills in the entire game.
 E = Experience gained in this place as a percentage of experience gained in the entire game.
 F = Experience gained in this place divided by the number of levels of this place that you have seen.
                   A       B       C       D       E      F
               +-------+-------+-------+-------+-------+----------------------
         Total | 100.0 | 100.0 |  -nan |  -nan | 100.0 | 627.0
       Dungeon | 100.0 | 100.0 |  -nan |  -nan | 100.0 | 705.4
               +-------+-------+-------+-------+-------+----------------------

Vault maps used:
D:1:      roderic_crop_circles_arrival_small
D:2:      evilmike_ruin_ashenzari, minmay_vboxes
D:3:      uniq_natasha
D:4:      uniq_eustachio
D:5:      minmay_temple_entry_large_hall, first_bread, serial_shops,
          shop_scrolls, serial_bayou_pond_d, uniq_sigmund
D:6:      black_bear_nest_2
D:7:      guppyfry_early_elven_hall
D:8:      serial_ice, serial_ice_a, serial_ice_n, serial_ice_g, serial_ice_h,
          uniq_joseph, uniq_maurice
Temple:   regret_index_temple_chain_breaker

Action                   |  1- 3 |  4- 6 |  7- 9 | 10-12 || total
-------------------------+-------+-------+-------+-------++-------
Melee: Unarmed           |    13 |       |       |       ||    13
       Constrict         |    15 |    17 |    55 |    12 ||    99
       Tentacles         |    10 |     9 |    53 |    22 ||    94
       Spear             |    52 |    91 |       |       ||   143
       Rapier            |       |       |    67 |       ||    67
       Dagger            |       |       |   176 |   104 ||   280
       Falchion          |       |       |       |    26 ||    26
 Fire: Blowgun           |       |       |    24 |       ||    24
 Cast: Freeze            |    15 |    44 |    58 |     7 ||   124
       Ozocubu's Armour  |     1 |     7 |    31 |     6 ||    45
 Abil: Evoke Berserk Rag |       |       |     8 |       ||     8
  Use: Scroll            |       |     2 |     7 |     1 ||    10
       Potion            |       |     1 |     3 |       ||     4
 Stab: Sleeping          |     9 |     5 |     9 |     2 ||    25
       Distracted        |       |     2 |     1 |       ||     3
  Eat: Chunk             |       |     5 |    20 |     4 ||    29
       Fruit             |       |       |     1 |       ||     1
Armor: Skin              |     3 |    19 |    46 |    33 ||   101
Dodge: Dodged            |    36 |    51 |   190 |    70 ||   347
Block: Shield            |       |       |    10 |    46 ||    56
       Rpst.: Falchion   |       |       |       |     5 ||     5
